 Dungeon Crawl Stone Soup version 0.21-a0-39-g28ea6b7 (webtiles) character file.

39 Kidiri the Magician (level 3, -9/19 HPs)
             Began as a Deep Elf Fire Elementalist on June 1, 2017.
             Mangled by an orc wizard
             ... wielding a +1 dagger of electrocution
              (12 damage)
             ... on level 2 of the Dungeon.
             The game lasted 00:06:39 (1091 turns).

Kidiri the Magician (Deep Elf Fire Elementalist)    Turns: 1091, Time: 00:06:41

Health: -9/19      AC:  2    Str:  5    XL:     3   Next: 28%
Magic:  7/10       EV: 13    Int: 20    God:
Gold:   106        SH:  0    Dex: 18    Spells: 1/10 levels left

rFire    . . .     SeeInvis .   e - +2 dagger (venom)
rCold    . . .     Gourm    .   (no shield)
rNeg     . . .     Faith    .   a - +0 robe
rPois    .         Spirit   .   (no helmet)
rElec    .         Reflect  .   (no cloak)
rCorr    .         Harm     .   (no gloves)
MR       .....                  (no boots)
Stlth    ++........             (no amulet)
Regen    0.1/turn               h - +3 ring of dexterity
MPRegen  0.2/turn               (no ring)

@: no status effects
A: no striking features
a: no special abilities


You were on level 2 of the Dungeon.
You were not hungry.

You visited 1 branch of the dungeon, and saw 2 of its levels.

You collected 106 gold pieces.

Inventory:

Hand Weapons
 e - a +2 dagger of venom (weapon)
Armour
 a - a +0 robe (worn)
Jewellery
 h - a +3 ring of dexterity (left hand)
Scrolls
 d - a scroll of random uselessness {unknown}
 f - a scroll of remove curse {unknown}
 g - a scroll of teleportation {unknown}
 k - a scroll of blinking {unknown}
 l - a scroll of immolation {unknown}
Potions
 i - a potion of heal wounds {unknown}
 j - a potion of berserk rage {unknown}
 m - a potion of brilliance {unknown}
Books
 b - a book of Flames

   Spells                             Type                      Level
   a - Flame Tongue                   Conjuration/Fire             1
   b - Throw Flame                    Conjuration/Fire             2
   c - Conjure Flame                  Conjuration/Fire             3
   d - Inner Flame                    Hexes/Fire                   3
   e - Sticky Flame                   Conjuration/Fire             4
   f - Fireball                       Conjuration/Fire             5
Comestibles
 c - 4 bread rations
 n - a meat ration


   Skills:
 - Level 2.4 Dodging
 - Level 2.4 Stealth
 * Level 4.1 Spellcasting
 + Level 2.0 Conjurations
 + Level 3.7 Fire Magic


You had one spell level left.
You knew the following spells:

 Your Spells              Type           Power        Failure   Level  Hunger
a - Flame Tongue          Conj/Fire      ###..        3%          1    None
b - Throw Flame           Conj/Fire      ###...       6%          2    #......
c - Conjure Flame         Conj/Fire      ###.....     12%         3    ###....
d - Inner Flame           Hex/Fire       ##......     17%         3    ###....


Dungeon Overview and Level Annotations

Branches:
Dungeon (2/15)

Altars:
Ru
Xom


Message History

You are electrocuted!
Ouch! That really hurt!
You closely miss the orc wizard.
The orc wizard is heavily wounded.
The orc wizard misses you.
You closely miss the orc wizard.
The orc wizard is heavily wounded.
The orc wizard hits you but does no damage.
Casting: Flame Tongue
Confirm with . or Enter, or press ? or * to list all spells.
Aiming: Flame Tongue
Press: ? - help, Shift-Dir - straight line, f/p - orc wizard
Aim: an orc wizard, wielding a dagger of electrocution and wearing a robe (heavily wounded, mute)
The flame tongue hits the orc wizard.
The orc wizard is almost dead.
The orc wizard hits you with a dagger of electrocution.
* * * LOW HITPOINT WARNING * * *
You are electrocuted!
Ouch! That really hurt!
You die...

#........#
#........# #.S
#........# ...
#........###._
####'#####...
#.#...#..
#.#.#.#.
#.#...'#######+.
#.#.[..o@.......
#.#.###.........
#...# #.........
##### #.........
....####.>
##.#.# # ..#.#
###.# .#


You could see an orc wizard (mute).

Vanquished Creatures
  An ooze (D:1)
  2 dart slugs (D:1)
  3 leopard geckos (D:1)
  A bat (D:1)
  A giant cockroach (D:1)
  5 hobgoblins (D:1)
  4 kobolds (D:1)
  5 frilled lizards (D:1)
  2 goblins
  4 rats (D:1)
28 creatures vanquished.

Notes
Turn   | Place    | Note
-------+----------+-------------------------------------------
     0 | D:1      | Kidiri the Deep Elf Fire Elementalist began the quest for the Orb.
     0 | D:1      | Reached XP level 1. HP: 10/10 MP: 6/6
   100 | D:1      | Reached XP level 2. HP: 9/15 MP: 0/8
   224 | D:1      | Learned a level 2 spell: Throw Flame
   237 | D:1      | Found a shimmering altar of Xom.
   661 | D:1      | Reached XP level 3. HP: 11/19 MP: 7/10
   666 | D:1      | Learned a level 3 spell: Conjure Flame
   670 | D:1      | Learned a level 3 spell: Inner Flame
   702 | D:1      | Reached skill level 4 in Spellcasting
  1082 | D:2      | Found a sacrificial altar of Ru.
  1091 | D:2      | Mangled by an orc wizard

Vault maps used:
D:1:      dpeg_arrival_court, hex_medium, corexii_leaking_fountain,
          xom_teletrap_fun
D:2:      nicolae_ru_great_annihilating_truth, first_bread

Skill      XL: |  1  2  3 |
---------------+----------+-----
Conjurations   | 2 |  2.0
Spellcasting   | 4 |  4.1
Dodging        | |  2.4
Stealth        | |  2.4
Fire Magic     | |  3.7

Action                   || total
-------------------------++-------
Melee: Club              ||     2
       Dagger            ||    26
 Cast: Flame Tongue      ||    36
       Throw Flame       ||     3
 Stab: Sleeping          ||     5
  Eat: Chunk             ||     1
Armor: Robe              ||     5
Dodge: Dodged            ||    27
